 Dungeon Crawl Stone Soup version 0.15-a0-2151-gce93697 (webtiles) character file.

1481 Kenran the Cleaver (level 8, 0/96 HPs)
             Began as a Hill Orc Berserker on July 19, 2014.
             Was an Elder of Trog.
             Slain by a gnoll
             ... wielding a +0 spear
              (5 damage)
             ... on Level 5 of the Dungeon.
             The game lasted 00:12:43 (5301 turns).

Kenran the Cleaver (Hill Orc Berserker)             Turns: 5301, Time: 00:12:43

HP   0/96        AC 12     Str 25      XL: 8   Next: 79%
MP   8/8         EV  6     Int  7      God: Trog [****..]
Gold 162         SH  0     Dex 12      Spells:  0 memorised,  7 levels left

rFire  . . .     SeeInvis .     a - +0 hand axe
rCold  . . .     Clarity  .     g - +0 plate armour
rNeg   . . .     rCorr    .     (no shield)
rPois  .         rRot     .     k - +0 helmet
rElec  .         Spirit   .     (no cloak)
SustAb .         Warding  .     (no gloves)
rMut   .         Stasis   .     (no boots)
Gourm  .                        (no amulet)
MR     .....                    (no ring)
                                (no ring)

@: berserking, very quick, not resistant to hostile enchantments, extremely
unstealthy
A: no striking features
a: Burn Spellbooks, Berserk, Trog's Hand, Brothers in Arms, Renounce Religion


You were on level 5 of the Dungeon.
You worshipped Trog.
Trog was greatly pleased with you.
You were not hungry.

You visited 1 branch of the dungeon, and saw 5 of its levels.

You collected 162 gold pieces.

Inventory:

Hand weapons
 a - a +0 hand axe (weapon)
Armour
 g - a +0 plate armour (worn)
 k - a +0 helmet (worn)
Magical devices
 n - a wand of frost (7) {unknown}
 o - a wand of slowing (15) {unknown}
 s - a wand of magic darts (20) {unknown}
Comestibles
 c - a meat ration
 v - 2 bread rations
Scrolls
 d - 2 scrolls of recharging
 e - 10 scrolls of identify
 l - 3 scrolls of teleportation
Jewellery
 f - an uncursed ring of poison resistance {unknown}
 h - an uncursed amulet of resist corrosion {unknown}
Potions
 b - 2 potions of curing {unknown}
 i - a potion of flight {unknown}
 j - a potion of heal wounds
 m - a potion of lignification {unknown}
 p - a potion of resistance {unknown}
 q - a potion of haste {unknown}
 r - a potion of magic {unknown}
 t - a potion of poison {unknown}
 u - a potion of agility {unknown}


   Skills:
 - Level 3.6 Fighting
 + Level 13.7 Axes
 - Level 2.1 Armour
 - Level 1.5 Dodging


You had 7 spell levels left.
You didn't know any spells.

Dungeon Overview and Level Annotations

Branches:
Dungeon (5/15)             Temple (0/1) D:4

Altars:
Dithmenos
Vehumet
Yredelemnul

Shops:
D:5 (


Message History

* * * LOW HITPOINT WARNING * * *
The gnoll hits you from afar with a spear.
* * * LOW HITPOINT WARNING * * *
You hit something. You slash the gnoll shaman!
The gnoll shaman is severely wounded.
Something hits you but does no damage.
The gnoll shaman hits you but does no damage.
The gnoll hits you from afar with a spear.
* * * LOW HITPOINT WARNING * * *
You slash the gnoll shaman!
You kill the gnoll shaman!
Trog accepts your kill.
You completely miss something. You closely miss something.
Something hits you but does no damage.
The gnoll hits you from afar with a spear.
* * * LOW HITPOINT WARNING * * *
You slash something! You hit something.
The gnoll hits you from afar with a spear.
You die...

#........# #.....
#..#.##..# #..#..
#.)#.##..##### #.....
#######..#........... .. ..
#..............########....
#.#.....%..........######..
.#.##...#)............ ...
#.#.##..).%......#.##.###.#
#.#.###...@)....#...... ...
#.#.###....#g...#..##. # .#
#.#.##..........#..##.# #.#
.#.##..#...........#.# #.#
#.#.............#.. # ### #
.####..........#...#.....
#.........##..!.#.#........
######.####.... . ..#####..
#....... ... .........


You could see a gnoll.

Vanquished Creatures
  Prince Ribbit (D:5)
  The ghost of casual the Chopper, an average FoSk (D:5)
  The ghost of hackum the Skirmisher, an average FoAK of Lugonu (D:3)
  A sky beast (D:5)
  3 phantoms
  A scorpion (D:5)
  3 orc priests
  2 crimson imps
  A gnoll shaman (D:5)
  A hound (D:4)
  2 orc wizards (D:4)
  Natasha (D:4)
  3 worker ants
  An ogre zombie (D:2)
  5 gnolls (D:5)
  4 adders
  3 worms
  8 orcs
  A ball python (D:3)
  A bat skeleton (D:5)
  2 giant cockroaches (D:5)
  10 goblins
  6 hobgoblins
  5 jackals (D:4)
  2 quokkas (D:3)
  14 bats
  A giant cockroach zombie (D:2)
  3 giant geckos
  4 giant newts
  A giant newt zombie (D:2)
  A jackal skeleton (D:4)
  9 kobolds
  4 orc skeletons
  17 rats
123 creatures vanquished.

Notes
Turn   | Place    | Note
--------------------------------------------------------------
     0 | D:1      | Kenran, the Hill Orc Berserker, began the quest for the Orb.
     0 | D:1      | Reached XP level 1. HP: 19/19 MP: 1/1
   343 | D:1      | Reached XP level 2. HP: 26/26 MP: 2/2
   638 | D:1      | Reached skill level 5 in Axes
   855 | D:2      | Reached XP level 3. HP: 13/31 MP: 3/3
   869 | D:2      | Acquired Trog's second power
  1446 | D:3      | Reached skill level 6 in Axes
  1572 | D:2      | Reached XP level 4. HP: 25/39 MP: 4/4
  1893 | D:3      | Found a radiant altar of Vehumet.
  1980 | D:3      | Noticed hackum's ghost (average FoAK)
  2000 | D:3      | Killed hackum's ghost
  2000 | D:3      | Reached skill level 8 in Axes
  2000 | D:3      | Reached XP level 5. HP: 40/45 MP: 5/5
  2000 | D:3      | Reached XP level 6. HP: 45/51 MP: 6/6
  2576 | D:4      | Found a basalt altar of Yredelemnul.
  2656 | D:4      | Reached skill level 9 in Axes
  3148 | D:4      | Found a staircase to the Ecumenical Temple.
  3221 | D:4      | Reached skill level 10 in Axes
  3221 | D:4      | Reached XP level 7. HP: 30/57 MP: 7/7
  3244 | D:4      | Noticed Natasha
  3252 | D:4      | HP: 2/57 [Natasha/magic dart (9)]
  3274 | D:4      | Killed Natasha
  3760 | D:4      | Acquired Trog's third power
  4108 | D:5      | Entered Level 5 of the Dungeon
  4124 | D:5      | Reached skill level 11 in Axes
  4294 | D:5      | Found Guapiun's Antique Weapon Shop.
  4406 | D:5      | Found a shadowy altar of Dithmenos.
  4419 | D:5      | Noticed casual's ghost (average FoSk)
  4438 | D:5      | Killed casual's ghost
  4438 | D:5      | Reached skill level 12 in Axes
  4438 | D:5      | Reached XP level 8. HP: 50/64 MP: 8/8
  4865 | D:5      | Noticed Prince Ribbit
  4875 | D:5      | Killed Prince Ribbit
  4875 | D:5      | Reached skill level 13 in Axes
  5301 | D:5      | Slain by a gnoll

Action                   |  1- 3 |  4- 6 |  7- 9 || total
-------------------------+-------+-------+-------++-------
Melee: Hand axe          |   129 |   220 |   256 ||   605
Invok: Berserk           |       |     2 |     3 ||     5
  Use: Scroll            |     3 |       |     4 ||     7
       Potion            |       |       |     2 ||     2
  Eat: Meat ration       |     1 |     1 |       ||     2
       Chunk             |       |     1 |       ||     1
       Fruit             |       |       |     4 ||     4
       Pizza             |       |       |     1 ||     1
       Bread ration      |       |       |     1 ||     1
